 Dungeon Crawl Stone Soup version 0.25.0-8-gfd19cd77bd (webtiles) character file.

Game seed: 13603327358499382641

16979 Froggeryz the Severer (level 12, 0/151 HPs)
             Began as a Minotaur Berserker on June 16, 2020.
             Was a High Priest of Trog.
             Killed from afar by an electric eel (13 damage)
             ... with a bolt of electricity
             ... on level 13 of the Dungeon.
             The game lasted 00:14:29 (9219 turns).

Froggeryz the Severer (Minotaur Berserker)          Turns: 9219, Time: 00:14:30

Health: 0/151      AC:  8    Str: 26    XL:     12   Next: 14%
Magic:  11/11      EV: 12    Int:  5    God:    Trog [*****.]
Gold:   702        SH:  7    Dex: 16    Spells: 11/11 levels left

rFire    . . .     SeeInvis +   I - +9 broad axe of Dukh {vorpal, rN+++}
rCold    . . .     Gourm    .   C - +0 buckler
rNeg     + + +     Faith    .   y - +0 scale mail
rPois    .         Spirit   .   (helmet restricted)
rElec    .         Reflect  .   E - scarf {+Inv}
rCorr    .         Harm     .   G - +0 pair of gloves
MR       .....                  (no boots)
Stlth    ..........             g - amulet of regeneration
HPRegen  0.75/turn              p - ring of see invisible
MPRegen  0.12/turn              z - +6 ring of dexterity

@: berserking, very quick
A: retaliatory headbutt, horns 2
a: Berserk, Trog's Hand, Brothers in Arms, Renounce Religion, Evoke Invisibility


You were on level 13 of the Dungeon.
You worshipped Trog.
Trog was extremely pleased with you.
You were very hungry.

You visited 1 branch of the dungeon, and saw 13 of its levels.

You collected 862 gold pieces.
You spent 160 gold pieces at shops.

Inventory:

Hand Weapons
 x - the +8 hand axe of the Imperium {vorpal, Int+2}
   (You bought it in a shop on level 5 of the Dungeon)

   It inflicts extra damage upon your enemies.
   It affects your intelligence (+2).
 I - the +9 broad axe of Dukh (weapon) {vorpal, rN+++}
   (Trog gifted it to you on level 11 of the Dungeon)

   It inflicts extra damage upon your enemies.
   It renders you almost immune to negative energy.
Missiles
 e - 5 curare-tipped darts (quivered)
 D - 3 throwing nets
Armour
 s - a +0 kite shield
 y - a +0 scale mail (worn)
 C - a +0 buckler (worn)
 E - a scarf of invisibility (worn)
 G - a +0 pair of gloves (worn)
Jewellery
 g - an amulet of regeneration (around neck)
 m - an uncursed ring of ice
 p - a ring of see invisible (left hand)
 z - a +6 ring of dexterity (right hand)
Wands
 b - a wand of flame (19)
 A - a wand of acid (8)
 F - a wand of disintegration (18)
Scrolls
 a - 4 scrolls of enchant armour
 l - 4 scrolls of teleportation
 q - 9 scrolls of identify
 r - 2 scrolls of random uselessness
 t - 3 scrolls of enchant weapon
 w - 3 scrolls of immolation
 B - 5 scrolls of remove curse
Potions
 d - 4 potions of lignification
 f - a potion of haste
 h - 5 potions of stabbing
 i - 9 potions of curing
 j - 4 potions of brilliance {unknown}
 k - 2 potions of might {unknown}
 n - 3 potions of flight {unknown}
 o - 5 potions of heal wounds {unknown}
 u - 4 potions of berserk rage {unknown}
 v - a potion of mutation {unknown}
Comestibles
 c - 19 rations


   Skills:
 + Level 8.0 Fighting
 - Level 18.0 Axes
 - Level 4.0 Armour
 - Level 4.0 Dodging
 * Level 11.2 Shields


You had 11 spell levels left.
You didn't know any spells.
Your spell library was empty.

Dungeon Overview and Level Annotations

Branches:
Dungeon (13/15)            Temple (0/1) D:7            Lair (0/6) D:10
    Orc (0/2) D:10
 Vaults: D:13-14

Altars:
Elyvilon
Fedhas
Gozag
Nemelex Xobeh
Okawaru
Trog
Uskayaw
Vehumet
Xom
Zin
The Shining One

Shops:
D:4 ?   D:5 (   D:8 ?

Annotations:
D:5 exclusion: 2 doors


Innate Abilities, Weirdness & Mutations

You reflexively headbutt those who attack you in melee.
You have a pair of horns on your head.


Message History

You slice Frances!!
You feel the power of Trog in you as your rage grows.
You kill Frances!
Trog accepts your kill.
Trog appreciates your killing of a magic user.
Your Fighting skill increases to level 8!
Your Shields skill increases to level 11!
You have reached level 12!
Your experience leads to an increase in your attributes!
Your base attributes are Str 24, Int 5, Dex 10.
Increase (S)trength, (I)ntelligence, or (D)exterity?
You feel stronger. x2
You slice the orc!!
You kill the orc!
Trog accepts your kill.
You slash the plant!
You destroy the plant!
The electric eel shoots out a bolt of lightning at you!
The bolt of electricity hits you!
You die...

###P.≈P ###≈PP≈≈≈♣
####### #..PP≈≈≈♣
......# #.PP≈♣≈≈
#####.# #.P≈≈;♣ #.#
.≈P≈≈♣ ##.#
#######≈.P≈♣♣♣≈ #..#
#......@≈PPP≈≈≈
#.#####.#####))PP.≈≈≈
####.###...#
#o....P.P
#........###
........P #.>#######
........# ...#####
##.......# (#......
##.....## ...####
...... ...####


You could see an electric eel and an orc.

Vanquished Creatures
  Rupert (D:12)
  Frances (D:13)
  Josephine (D:12)
  3 two-headed ogres (D:12)
  An unseen horror (D:7)
  An ugly thing (D:12)
  2 cyclopes
  A troll (D:11)
  A hornet (D:12)
  A spriggan (D:8)
  7 yaks
  4 wraiths (D:12)
  A hungry ghost (D:11)
  Edmund (D:6)
  A porcupine (D:10)
  4 orc warriors
  2 sky beasts
  A swamp drake (D:10)
  An ice beast (D:12)
  3 black bears
  2 phantoms
  4 centaurs
  3 eyes of draining
  3 ogres
  A crocodile (D:12)
  Blork the orc (D:6)
  2 big kobolds
  12 bullfrogs
  A wyvern zombie (D:9)
  A gnoll sergeant (D:8)
  A wyvern skeleton (D:8)
  5 scorpions
  3 killer bees (D:9)
  2 howler monkeys
  7 crimson imps
  3 bullfrog zombies
  An orc priest (D:12)
  8 hounds
  6 jellies
  A bullfrog skeleton (D:12)
  5 centaur skeletons
  6 iguanas
  8 orc wizards
  13 worker ants
  The ghost of puimuR the Chopper, a weakling DsBe of Trog (D:4)
  A hound zombie (D:10)
  A hound skeleton (D:7)
  A worker ant zombie (D:11)
  A howler monkey skeleton (D:11)
  6 gnolls
  14 adders
  2 shadow imps
  3 oozes
  An adder skeleton (D:7)
  5 worms
  2 dart slugs
  3 leopard geckos
  47 orcs
  A giant cockroach (D:2)
  12 goblins
  6 hobgoblins
  15 jackals
  5 quokkas
  A ball python (D:4)
  3 bats (D:1)
  7 frilled lizards
  2 jackal skeletons
  15 kobolds
  A quokka skeleton (D:6)
  A quokka zombie (D:7)
  7 rats
  A fungus (D:10)
  2 plants (D:13)
304 creatures vanquished.

Vanquished Creatures (others)
  2 plants (D:5)
2 creatures vanquished.

Grand Total: 306 creatures vanquished

Notes
Turn   | Place    | Note
-------+----------+-------------------------------------------
     0 | D:1      | Froggeryz the Minotaur Berserker began the quest for the
                  | Orb.
     0 | D:1      | Reached XP level 1. HP: 19/19 MP: 0/0
   153 | D:1      | Reached skill level 4 in Axes
   166 | D:1      | Reached XP level 2. HP: 16/26 MP: 1/1
   413 | D:1      | Reached XP level 3. HP: 30/31 MP: 2/2
   425 | D:1      | Found a glowing golden altar of the Shining One.
   779 | D:2      | Reached skill level 5 in Axes
   802 | D:2      | Reached ** piety under Trog
   829 | D:2      | Reached XP level 4. HP: 39/39 MP: 3/3
  1398 | D:3      | Noticed an eye of draining
  1399 | D:3      | Found a bloodstained altar of Trog.
  1399 | D:3      | Noticed an eye of draining
  1408 | D:3      | Killed an eye of draining
  1408 | D:3      | Reached skill level 6 in Axes
  1408 | D:3      | Reached XP level 5. HP: 45/45 MP: 0/4
  1410 | D:3      | Killed an eye of draining
  1410 | D:3      | Reached skill level 7 in Axes
  1410 | D:3      | Reached XP level 6. HP: 52/52 MP: 0/5
  1844 | D:4      | Found Davaofic's Magic Scroll Shop.
  2117 | D:4      | Found a runed translucent door.
  2142 | D:4      | Noticed puimuR's ghost (weakling DsBe)
  2217 | D:4      | Reached skill level 8 in Axes
  2224 | D:4      | Killed puimuR's ghost
  2263 | D:4      | Reached skill level 5 in Fighting
  2263 | D:4      | Reached XP level 7. HP: 52/61 MP: 6/6
  2408 | D:5      | Entered Level 5 of the Dungeon
  2517 | D:5      | Found a sparkling altar of Nemelex Xobeh.
  2534 | D:5      | Found a hide-covered altar of Uskayaw.
  2640 | D:5      | Found Ahegg's Antique Weapon Emporium.
  2655 | D:5      | Bought a crystal hand axe for 160 gold pieces
  2655 | D:5      | Identified the +8 hand axe of the Imperium {vorpal, Int+2}
                  | (You bought it in a shop on level 5 of the Dungeon)
  2721 | D:5      | You fall into a shaft and drop 1 floor!
  2776 | D:6      | Reached skill level 9 in Axes
  2805 | D:6      | Reached *** piety under Trog
  2812 | D:6      | Noticed Edmund
  2822 | D:6      | Killed Edmund
  2874 | D:6      | Reached skill level 10 in Axes
  2874 | D:6      | Reached XP level 8. HP: 64/71 MP: 7/7
  2993 | D:6      | Noticed Blork the orc
  3000 | D:6      | Killed Blork the orc
  3000 | D:6      | Reached skill level 1 in Shields
  3326 | D:5      | Found a white marble altar of Elyvilon.
  3405 | D:5      | Reached skill level 11 in Axes
  4409 | D:7      | Reached XP level 9. HP: 73/78 MP: 8/8
  4552 | D:7      | Reached skill level 12 in Axes
  4606 | D:7      | Reached **** piety under Trog
  4707 | D:7      | Found a staircase to the Ecumenical Temple.
  4720 | D:7      | Reached skill level 5 in Shields
  4811 | D:7      | Found a glowing silver altar of Zin.
  4886 | D:7      | Noticed an unseen horror
  4900 | D:7      | Killed an unseen horror
  4900 | D:7      | Reached skill level 13 in Axes
  5400 | D:8      | Found a blossoming altar of Fedhas.
  5603 | D:8      | Found Bachoup's Magic Scroll Boutique.
  5678 | D:8      | Found a radiant altar of Vehumet.
  6061 | D:9      | Reached XP level 10. HP: 76/84 MP: 9/9
  6114 | D:9      | Reached skill level 14 in Axes
  6152 | D:9      | Reached ***** piety under Trog
  6182 | D:9      | Found an opulent altar of Gozag.
  6260 | D:9      | Found an iron altar of Okawaru.
  6562 | D:9      | Found a shimmering altar of Xom.
  6646 | D:10     | Entered Level 10 of the Dungeon
  6997 | D:10     | Found a staircase to the Orcish Mines.
  7175 | D:10     | Found a staircase to the Lair.
  7425 | D:11     | Reached skill level 15 in Axes
  7578 | D:11     | Received a gift from Trog
  7583 | D:11     | Got a steaming broad axe {god gift}
  7584 | D:11     | Identified the +9 broad axe of Dukh {vorpal, rN+++} (Trog
                  | gifted it to you on level 11 of the Dungeon)
  7733 | D:11     | Noticed a cyclops
  7904 | D:11     | Killed a cyclops
  8214 | D:12     | Noticed a two-headed ogre
  8344 | D:12     | Killed a two-headed ogre
  8344 | D:12     | Reached skill level 16 in Axes
  8344 | D:12     | Reached XP level 11. HP: 67/91 MP: 10/10
  8524 | D:12     | Noticed a two-headed ogre
  8528 | D:12     | Killed a two-headed ogre
  8632 | D:12     | Noticed Rupert
  8650 | D:12     | Killed Rupert
  8650 | D:12     | Reached skill level 17 in Axes
  8678 | D:12     | Noticed a green ugly thing
  8705 | D:12     | Killed a green ugly thing
  8831 | D:12     | Reached skill level 18 in Axes
  8833 | D:12     | Noticed Josephine
  8848 | D:12     | Killed Josephine
  8851 | D:12     | Reached skill level 10 in Shields
  8856 | D:12     | Received a gift from Trog
  9015 | D:12     | Noticed a two-headed ogre
  9021 | D:12     | Killed a two-headed ogre
  9206 | D:13     | Noticed Frances
  9219 | D:13     | Killed Frances
  9219 | D:13     | Reached XP level 12. HP: 12/101 MP: 11/11
  9219 | D:13     | Killed from afar by an electric eel

Illustrated notes

Levels and vault maps discovered:
D:1:      minmay_arrival_shoal_huts, layout_basic, tso_metal_star
D:2:      layout_basic, hangedman_decor_lopped, minivault_5,
          kennysheep_decorative_pillar
D:3:      layout_basic, trog_eyes_of_draining
D:4:      layout_gridville, serial_shops, shop_scrolls, ebering_ghost_sewer_d
D:5:      cheibrodos_two_vegetables, layout_basic, kennysheep_mini_moat,
          kennysheep_mini, elyvilon_altar_4, first_ration, serial_shops, shop,
          chequers_big_river
D:6:      layout_basic, uniq_edmund, uniq_blork_the_orc
D:7:      layout_gridville, lemuel_doored_altar, temple_statues
D:8:      layout_cave_pools, lemuel_round_altar, nicolae_overflow_hidden_temple,
          serial_shops, shop, the_bakery
D:9:      layout_loops_ring, old_standard_altar, marbit_many_paths,
          overflow_temple_1_default, minmay_misc_feat_doors
D:10:     layout_cave_pools, grunt_lair_entry_orc_guard_hut, erik_orc_1,
          nrook_campfire
D:11:     layout_loops_ring
D:12:     layout_rooms, uniq_josephine, uniq_rupert
D:13:     layout_rooms, grunt_vaults_entry_tiered, basic_altar,
          serial_bayou_lagoon_a, drop_trap, hangedman_weighted_door,
          minivault_25, uniq_jorgrun, uniq_frances

Skill      XL: |  1  2  3  4  5  6  7  8  9 10 11 |
---------------+----------------------------------+-----
Axes           | 4 5 6 7 8 10 11 13 16 18 | 18.0
Dodging        | 3 4 |  4.0
Fighting       | 4 5 6 8 |  8.0
Shields        | 4 7 9 11 | 11.2
Armour         | 4 |  4.0

Action                   |  1- 3 |  4- 6 |  7- 9 | 10-12 || total
-------------------------+-------+-------+-------+-------++-------
Melee: Hand axe          |    70 |    91 |   222 |   149 ||   532
       Headbutt          |    11 |    14 |    36 |    60 ||   121
       Broad axe         |       |       |       |   127 ||   127
Throw: Dart              |       |       |       |     1 ||     1
Invok: Berserk           |       |     2 |     1 |     4 ||     7
       Trog's Hand       |       |       |       |     1 ||     1
  Use: Scroll            |     5 |       |     3 |     9 ||    17
       Potion            |       |       |       |     1 ||     1
 Stab: Sleeping          |       |     1 |       |       ||     1
  Eat: Chunk             |       |     7 |     9 |    15 ||    31
       Ration            |       |       |     1 |       ||     1
Armor: Animal skin       |    11 |     3 |       |       ||    14
       Ring mail         |       |     5 |     2 |       ||     7
       Scale mail        |       |       |    47 |    44 ||    91
Dodge: Dodged            |    46 |    60 |    93 |    72 ||   271
Block: Buckler           |       |       |     8 |    51 ||    59
